AoeStats
← carlosddtf

Migration

504067283Analyzed
1v1 RM · 1mo ago on Sep 3, 2026· 58m 5s· 2 players
Game mode
Random Map
Map size
132×132
Population
200
Speed
Normal
Resources
Standard
Victory
Conquest
Starting age
Dark Age
Ending age
Imperial Age
RankedLock teamsTeams togetherTeam positionsShared explorationLock speedFull tech treeHidden civsTurbo modeCheats
Victory
Defeat
🇹🇷 Vikings · Türkiye
832
+40
🇪🇸 Spanish · Spain
870
-18
bahtiyaralioglu55
13:38 Feudal Age
11:54 Loom
14:32 Double-Bit Axe
14:23 Man-at-Arms
15:17 Fishing Lines
17:35 Horse Collar
19:34 Fletching
19:45 Padded Archer Armor
27:19 Castle Age
30:50 Bow Saw
30:42 Heavy Plow
30:57 Bodkin Arrow
31:18 Leather Archer Armor
32:11 Elite Skirmisher
33:39 Medium Warships
33:58 Stone Mining
33:58 Gold Mining
37:21 Forging
37:11 Scale Mail Armor
37:28 Chieftains
40:22 Imperial Age
37:34 Pikeman
38:15 Squires
38:00 Arson
39:01 Town Watch
40:11 Gold Shaft Mining
40:16 Iron Casting
39:57 Chain Mail Armor
39:48 Scale Barding Armor
42:48 Crop Rotation
43:21 Two-Man Saw
43:56 Blast Furnace
43:27 Plate Mail Armor
43:18 Chain Barding Armor
43:22 Ballistics
45:00 Chemistry
43:55 Elite Berserk
44:56 Conscription
45:58 Bracer
46:29 Ring Archer Armor
46:40 Elite Longship
49:18 Hoardings
49:14 Light Cavalry
49:14 Cavalier
54:14 Siege Engineers
54:22 Careening
54:22 Clinker Construction
54:51 Coinage
55:16 Heavy Warships
57:49 Elite Cannon Galleon
carlosddtf
0:40 Loom
13:19 Feudal Age
14:23 Double-Bit Axe
14:22 Fishing Lines
16:13 Wheelbarrow
15:33 Gold Mining
16:01 Man-at-Arms
18:23 Town Watch
19:11 Stone Mining
20:52 Forging
20:50 Scale Barding Armor
20:37 Fletching
24:57 Bloodlines
29:51 Castle Age
28:00 Scale Mail Armor
30:33 Bodkin Arrow
32:42 Stone Shaft Mining
33:13 Hand Cart
32:59 Town Patrol
33:02 Horse Collar
34:04 Ballistics
34:05 Medium Warships
34:05 Siphons
33:53 Guard Tower
36:33 Gillnets
37:26 Careening
37:24 Siphons
40:21 Masonry
40:22 Clinker Construction
45:25 Imperial Age
43:23 Murder Holes
43:34 Padded Archer Armor
44:49 Husbandry
44:11 Light Cavalry
46:24 Bracer
47:03 Chain Mail Armor
48:38 Chemistry
49:03 Conscription
50:06 Shipwright
50:07 Dry Dock
49:17 Elite Cannon Galleon
51:33 Heavy Warships
51:27 Arson
52:55 Carvel Hull
52:53 Leather Archer Armor
53:14 Iron Casting
53:11 Plate Mail Armor
53:01 Chain Barding Armor
54:09 Ring Archer Armor
Connection lost

Rejoining the realm…

Still unreachable

The connection could not be restored.

Session expired

The server has moved on; the page needs a fresh start.